 Dungeon Crawl Stone Soup version 0.21.1-1-g345015f (webtiles) character file.

44 iamserjio the Sneak (level 3, -7/31 HPs)
             Began as a Gnoll Assassin on June 24, 2018.
             Mangled by an ice beast (9 damage)
             ... on level 3 of the Dungeon.
             The game lasted 00:01:31 (230 turns).

iamserjio the Sneak (Gnoll Assassin)                 Turns: 230, Time: 00:01:32

Health: -7/31      AC:  3    Str: 13    XL:     3   Next: 62%
Magic:  3/4        EV: 13    Int: 14    God:
Gold:   4          SH:  0    Dex: 16    Spells: 3/3 levels left

rFire    . . .     SeeInvis .   a - +2 dagger
rCold    . . .     Gourm    .   (no shield)
rNeg     . . .     Faith    .   c - +0 robe
rPois    .         Spirit   .   (no helmet)
rElec    .         Reflect  .   d - +0 cloak
rCorr    .         Harm     .   (no gloves)
MR       .....                  (no boots)
Stlth    ++++......             (no amulet)
HPRegen  0.10/turn              (no ring)
MPRegen  0.09/turn              (no ring)

@: no status effects
A: distributed training, fangs 1, strong nose
a: no special abilities


You were on level 3 of the Dungeon.
You were not hungry.

You visited 1 branch of the dungeon, and saw 4 of its levels.

You collected 4 gold pieces.

Inventory:

Hand Weapons
 a - a +2 dagger (weapon)
 b - a +0 blowgun
 h - a cursed +0 hunting sling
Missiles
 e - 8 poisoned needles
 f - 2 curare-tipped needles {!f}
Armour
 c - a +0 robe (worn)
 d - a +0 cloak (worn)
Wands
 l - a wand of acid (6)
Scrolls
 j - a scroll of teleportation {unknown}
 m - a scroll of identify {unknown}
Potions
 i - 2 potions of curing {unknown}
 k - 2 potions of resistance {unknown}
Comestibles
 g - 2 rations


   Skills:
 + Level 4.5 Fighting
 + Level 4.5 Short Blades
 + Level 0.8 Long Blades
 + Level 0.8 Axes
 + Level 0.8 Maces & Flails
 + Level 0.8 Polearms
 + Level 0.8 Staves
 + Level 0.8 Slings
 + Level 0.8 Bows
 + Level 0.8 Crossbows
 + Level 4.5 Throwing
 + Level 0.8 Armour
 + Level 2.6 Dodging
 + Level 7.8 Stealth
 + Level 0.8 Shields
 + Level 0.8 Unarmed Combat
 + Level 0.8 Spellcasting
 + Level 0.5 Conjurations
 + Level 0.5 Hexes
 + Level 0.5 Charms
 + Level 0.5 Summonings
 + Level 0.5 Necromancy
 + Level 0.5 Translocations
 + Level 0.5 Transmutations
 + Level 0.5 Fire Magic
 + Level 0.5 Ice Magic
 + Level 0.5 Air Magic
 + Level 0.5 Earth Magic
 + Level 0.5 Poison Magic
 + Level 1.0 Invocations
 + Level 0.8 Evocations


You had 3 spell levels left.
You didn't know any spells.

Dungeon Overview and Level Annotations

Branches:
Dungeon (4/15)
 Temple: D:4-7

Altars:


Innate Abilities, Weirdness & Mutations

Your experience applies equally to all skills.
You have very sharp teeth.
Your uncanny sense of smell can sniff out nearby items.


Message History

You kill the iguana!
Your Invocations skill increases to level 1!
You have reached level 3!
Your experience leads to an increase in your attributes!
Increase (S)trength, (I)ntelligence, or (D)exterity?
You feel clever.
A dart slug comes into view.
The ice beast barely misses you.
You hit the ice beast but do no damage. The ice beast barely misses you.
Okay, then.
There is a stone staircase leading up here.
The ice beast hits you. The ice beast freezes you!
* * * LOW HITPOINT WARNING * * *
You climb upwards.
There is a stone staircase leading down here.
There is an escape hatch in the floor here.
The ice beast hits you.
* * * LOW HITPOINT WARNING * * *
The ice beast freezes you!
You die...

...............#.#.......
####.........#...........
............<........#+#
.....#.#######....##.#
... ..............# # #
###.#######....#
.........>.###
..#.#####.Y## ... #..@#
.#. #...# .......
######..# ...# #[.. #...#
#.#..


You could see an ice beast.

Vanquished Creatures
  An iguana (D:4)
  An adder (D:3)
  2 giant cockroaches (D:2)
  A hobgoblin (D:2)
  2 jackals (D:2)
  A kobold (D:2)
  A bat (D:2)
  A frilled lizard (D:1)
  A goblin (D:1)
11 creatures vanquished.

Notes
Turn   | Place    | Note
-------+----------+-------------------------------------------
     0 | D:1      | iamserjio the Gnoll Assassin began the quest for the Orb.
     0 | D:1      | Reached XP level 1. HP: 20/20 MP: 1/1
    87 | D:2      | Reached XP level 2. HP: 16/26 MP: 2/2
   217 | D:4      | Noticed an ice beast
   218 | D:4      | Reached skill level 1 in Invocations
   218 | D:4      | Reached XP level 3. HP: 19/31 MP: 2/4
   230 | D:3      | Mangled by an ice beast

Skill      XL: |  1  2 |
---------------+-------+-----
Invocations    | 1 |  1.0
Fighting       | |  4.5
Short Blades   | |  4.5
Long Blades    | |  0.8
Axes           | |  0.8
Maces & Flails | |  0.8
Polearms       | |  0.8
Staves         | |  0.8
Slings         | |  0.8
Bows           | |  0.8
Crossbows      | |  0.8
Throwing       | |  4.5
Armour         | |  0.8
Dodging        | |  2.6
Stealth        | |  7.8
Shields        | |  0.8
Unarmed Combat | |  0.8
Spellcasting   | |  0.8
Conjurations   | |  0.5
Hexes          | |  0.5
Charms         | |  0.5
Summonings     | |  0.5
Necromancy     | |  0.5
Translocations | |  0.5
Transmutations | |  0.5
Fire Magic     | |  0.5
Ice Magic      | |  0.5
Air Magic      | |  0.5
Earth Magic    | |  0.5
Poison Magic   | |  0.5
Evocations     | |  0.8

Action                   || total
-------------------------++-------
Melee: Dagger            ||    29
       Bite              ||     1
 Stab: Sleeping          ||     3
Armor: Robe              ||     8
Dodge: Dodged            ||    16
